Match 32486416
Unlisted

Match 32486416
End
Vickers Machine Gun Team
Construct Section Command Post
Selects Indian Artillery Battlegroup
Infantry Section
Infantry Section
Infantry Section
Construct Platoon Command Post
Grenade Package
Infantry Training
Construct Field Infirmary
Unlock M3 Stuart Light Tanks
Infantry Section
M3 Stuart Light Tank
Selects Towed ML 4.2-inch Heavy Mortar
Selects Valour
Selects Gurkha Rifles Section
Infantry Section
Vickers Machine Gun Team
Construct Company Command Post
Royal Engineer Section
Selects Volunteer Infantry
Matilda II Heavy Tank
Selects Off-map Airburst Barrage
Unlock M3 Grant Medium Tanks
M3 Grant Medium Tank
Armored Vehicle Training
SSSlippy
LQ94
맨헤라
Microsoft Outlook
Microsoft Office Excel
Microsoft Office Word
0
0

Comments sign in to comment!

No comments posted yet!